Map: Ruins of Endion

Players

IlIlIlIlIlIl (Naniwa) - Winner!

  • Race: Protoss Protoss
  • League: Grandmaster
  • Spawn Location: 5:00

MiNiMaTh

  • Race: Zerg Zerg
  • League: Grandmaster
  • Spawn Location: 7:00

VOD

Have the link to the VOD?

Description

Time

  • Played on: June 9, 2016, 1:37 p.m.
  • Length: 6:29
Show
View Real Time Build Order
Export as new Build Order

IlIlIlIlIlIl Protoss - Winner!

Build Orders: Nexus First, Mass Phoenix 

Get SALT Encoding   

  12  0:01  Probe (Chrono Boost)  
  13  0:11  Probe (Chrono Boost)  
  14  0:18  Pylon  
  14  0:23  Probe (Chrono Boost)  
  15  0:36  Probe (Chrono Boost)  
  16  0:47  Probe (Chrono Boost)  
  17  0:58  Nexus  
  17  1:08  Gateway  
  17  1:11  Probe (Chrono Boost)  
  18  1:21  Probe (Chrono Boost)  
  18  1:22  Assimilator  
  19  1:27  Assimilator  
  19  1:32  Probe (Chrono Boost)  
  20  1:37  Pylon  
  20  1:42  Probe (Chrono Boost)  
  21  1:53  Probe (Chrono Boost)  
  22  1:56  Cybernetics Core  
  22  1:58  Zealot  
  24  2:03  Probe (Chrono Boost)  
  25  2:11  Probe (Chrono Boost)  
  25  2:14  Probe (Chrono Boost)  
  27  2:22  Probe (Chrono Boost)  
  28  2:24  Probe (Chrono Boost)  
  29  2:32  Probe (Chrono Boost)  
  29  2:35  Probe (Chrono Boost)  
  29  2:36  Warp Gate, Stargate  
  31  2:41  Assimilator  
  31  2:43  Probe (Chrono Boost)  
  32  2:45  Probe (Chrono Boost)  
  33  2:53  Probe (Chrono Boost)  
  33  2:56  Probe (Chrono Boost)  
  35  3:04  Probe (Chrono Boost)  
  35  3:05  Stargate  
  36  3:07  Probe (Chrono Boost)  
  36  3:08  Pylon  
  37  3:14  Probe (Chrono Boost)  
  37  3:17  Probe (Chrono Boost)  
  39  3:20  Void Ray (Chrono Boost)  
  39  3:25  Probe  
  44  3:28  Probe  
  44  3:34  Pylon  
  45  3:35  Probe  
  45  3:40  Probe  
  47  3:47  Probe  
  48  3:50  Void Ray (Chrono Boost)  
  48  3:52  Probe  
  53  3:58  Void Ray (Chrono Boost)  
  53  3:59  Probe  
  58  4:05  Probe  
  58  4:08  Pylon  
  59  4:13  Mothership Core  
  59  4:17  Probe  
  62  4:20  Nexus  
  62  4:23  Pylon  
  62  4:27  Assimilator  
  62  4:34  Phoenix (Chrono Boost)  
  62  4:35  Probe  
  62  4:36  Probe  
  66  4:42  Phoenix (Chrono Boost)  
  68  4:48  Probe x2  
  70  4:56  Phoenix (Chrono Boost)  
  72  5:00  Probe x2  
  72  5:04  Phoenix (Chrono Boost)  
  72  5:06  Pylon  
  76  5:12  Probe x2  
  78  5:24  Probe x2, Phoenix (Chrono Boost)  
  78  5:26  Phoenix (Chrono Boost)  
  84  5:35  Probe  
  84  5:36  Probe x2  
  84  5:37  Assimilator  
  84  5:38  Assimilator  
  87  5:46  Probe  
  87  5:48  Probe x2  
  90  5:51  Phoenix x2 (Chrono Boost)  
  90  5:55  Pylon  
  90  5:56  Probe  
  94  6:00  Probe x2  
  97  6:07  Probe  
  97  6:10  Pylon x2  
  98  6:12  Probe x2  
  106  6:25  Robotics Facility  
  106  6:27  Robotics Facility  
  106  6:28  Forge  
Show
View Real Time Build Order
Export as new Build Order

MiNiMaTh Zerg 

Build Orders: 3 Hatch before Pool 

Get SALT Encoding   

  12  0:00  Drone  
  13  0:12  Overlord  
  13  0:20  Drone  
  14  0:31  Drone x2  
  16  0:36  Drone  
  17  0:52  Hatchery  
  17  0:55  Drone  
  17  0:58  Drone  
  18  1:19  Hatchery  
  18  1:22  Drone  
  18  1:34  Extractor  
  18  1:35  Spawning Pool  
  18  1:39  Drone  
  17  1:41  Drone  
  17  1:45  Drone  
  19  1:51  Drone  
  20  2:02  Drone  
  20  2:05  Drone  
  22  2:13  Drone  
  22  2:15  Drone  
  24  2:22  Queen x2  
  24  2:26  Overlord  
  28  2:34  Metabolic Boost  
  28  2:37  Zergling x4  
  28  2:39  Zergling x2  
  28  2:43  Drone  
  33  2:44  Drone  
  33  2:46  Drone  
  34  2:56  Drone x3  
  37  3:01  Queen  
  39  3:05  Overlord  
  39  3:15  Drone x3  
  39  3:16  Overlord  
  42  3:23  Drone, Queen  
  42  3:24  Drone  
  42  3:26  Drone  
  47  3:32  Drone x3  
  47  3:33  Spore Crawler  
  49  3:40  Spore Crawler  
  48  3:41  Spore Crawler  
  48  3:42  Drone x2  
  48  3:45  Overlord  
  49  3:50  Drone x2  
  49  3:51  Evolution Chamber  
  49  3:53  Drone  
  49  3:54  Drone  
  52  3:57  Drone x2  
  52  4:01  Overlord  
  54  4:09  Drone x4  
  59  4:10  Drone x2  
  59  4:12  Drone x2  
  62  4:17  Overlord, Extractor  
  62  4:18  Extractor  
  62  4:20  Overlord  
  60  4:24  Zerg Missile Weapons Level 1  
  60  4:28  Drone x3  
  60  4:29  Drone x2  
  65  4:31  Drone  
  65  4:40  Drone  
  65  4:42  Drone x2  
  65  4:43  Extractor, Lair  
  65  4:44  Drone  
  65  4:45  Drone x4  
  72  4:47  Extractor  
  72  4:48  Drone x2  
  72  4:49  Extractor  
  72  4:50  Drone  
  72  4:52  Drone  
  74  4:53  Drone  
  75  5:03  Overlord  
  75  5:09  Overlord x2  
  75  5:19  Queen  
  73  5:38  Drone  
  73  5:39  Drone x2  
  74  5:47  Hydralisk Den  
  69  5:54  Spore Crawler  
  63  5:59  Overlord x3  
  63  6:01  Spore Crawler  
  62  6:05  Spore Crawler  
Tags
 
Add a new tag
Caveats
  • Supply blocks, unpowered buildings, or Contaminate may cause inaccurate times.
  • Supply counts are checked every 10 seconds.